 Dungeon Crawl Stone Soup version 0.18-a0-1160-geb89fc2 (console) character file.

210 GhEn the Ruffian (level 5, -3/38 HPs)
             Began as a Ghoul Enchanter on Jan 24, 2016.
             Was an Initiate of Makhleb.
             Killed from afar by an orc wizard (11 damage)
             ... with a magic dart
             ... on level 4 of the Dungeon.
             The game lasted 00:12:35 (4059 turns).

GhEn the Ruffian (Ghoul Enchanter)                  Turns: 4059, Time: 00:12:35

Health: -3/38      AC:  5    Str: 13    XL:     5   Next: 87%
Magic:  6/6        EV: 11    Int: 10    God:    Makhleb [......]
Gold:   171        SH:  0    Dex:  9    Spells: 2 memorised, 4 levels left

rFire  . . .     SeeInvis .     c - +0 blowgun
rCold  + + .     Gourm    .     j - +0 leather armour
rNeg   + + +     Faith    .     (no shield)
rPois  ∞         Spirit   .     g - +0 helmet
rElec  .         Dismiss  .     k - +0 cloak
rCorr  .         Reflect  .     (no gloves)
SustAt .         Harm     .     (no boots)
MR     .....     Rnd*Tele +     (no amulet)
Stlth  ++........               o - ring of teleportation
                                D - ring of protection from cold

@: rotting, slowed, very slow, not resistant to hostile enchantments, unstealthy
A: rotting body, claws 1, carnivore 3, cold resistance 1, negative energy
resistance 3, slow regeneration 1, torment resistance, unbreathing
a: Renounce Religion


You were on level 4 of the Dungeon.
You worshipped Makhleb.
Makhleb was noncommittal.
You were not hungry.

You visited 1 branch of the dungeon, and saw 4 of its levels.

You collected 171 gold pieces.

Inventory:

Hand Weapons
 c - a +0 blowgun (weapon)
   (You took it off a kobold on level 3 of the Dungeon)
 y - a +0 greatsling of evasion
   (You found it on level 3 of the Dungeon)
Missiles
 x - 27 poisoned needles (quivered)
 F - 48 stones
Armour
 b - a +1 robe
 g - a +0 helmet (worn)
   (You found it on level 1 of the Dungeon)
 j - a +0 leather armour (worn)
   (You found it on level 1 of the Dungeon)
 k - a +0 cloak (worn)
   (You found it on level 2 of the Dungeon)
 C - a +0 chain mail
   (You took it off Terence on level 3 of the Dungeon)
Jewellery
 e - an uncursed ring of wizardry
   (You found it on level 1 of the Dungeon)
 i - an uncursed ring of positive energy
   (You found it on level 1 of the Dungeon)
 l - an uncursed ring of stealth
   (You found it on level 1 of the Dungeon)
 m - an uncursed ring of loudness
   (You found it on level 1 of the Dungeon)
 o - a ring of teleportation (right claw)
   (You found it on level 1 of the Dungeon)
 r - an uncursed ring of magical power
   (You found it on level 2 of the Dungeon)
 D - a ring of protection from cold (left claw)
   (You took it off Terence on level 3 of the Dungeon)
Scrolls
 u - a scroll of teleportation {unknown}
 z - a scroll of immolation {unknown}
 B - a scroll of remove curse
 G - 2 scrolls of random uselessness {unknown}
Potions
 a - 2 potions of might
 f - 2 potions of curing
 h - a potion of brilliance
 p - a potion of invisibility
 q - a potion of lignification
 s - a potion of haste {unknown}
 t - a potion of berserk rage
 A - a potion of magic {unknown}
 E - a potion of mutation {unknown}
Books
 w - a book of Maledictions
Comestibles
 d - 3 meat rations
 n - 2 beef jerkies
 H - 3 chunks of flesh


   Skills:
 + Level 0.2 Fighting
   Level 0.8 Short Blades
 - Level 1.7 Dodging
 - Level 3.2 Stealth
 + Level 5.9 Unarmed Combat
 - Level 1.7 Spellcasting
 - Level 2.4 Hexes


You had 4 spell levels left.
You knew the following spells:

 Your Spells              Type           Power        Failure   Level  Hunger
a - Corona                Hex            #......      17%         1    ##.....
b - Ensorcelled Hibernat  Hex/Ice        #.....       38%         2    ###....


Innate Abilities, Weirdness & Mutations

Your body is rotting away.
You thrive on raw meat.
You are immune to poison.
You have sharp fingernails.
You are carnivorous and can eat meat at any time.
Your flesh is cold resistant.
You are immune to negative energy.
You regenerate slowly when monsters are visible.
You are immune to unholy pain and torment.
You can survive without breathing.

Dungeon Overview and Level Annotations

Branches:
Dungeon (4/15)
 Temple: D:4-7

Altars:
Dithmenos
Kikubaaqudgha
Makhleb
Nemelex Xobeh
Qazlal
Vehumet
Yredelemnul

Annotations:
D:3 Grinder

# #.# #.# ## #.# #.# .#
#.# #.# .#### #.# #.#
..).############## #.# #.#
.##..((...o.o.o..# #.# #.#
%####(###.######.######.#
#.###
.##.....#.............#.#
#.#.##
.##(###.########@####o#.#
#..#.. ...<#
..######.#.###.#.####.##.%
###.#
..##..Oo###.............#.
#..
..##.###.#.###o..........#
###.
#.##.#...........######..#
##
###...####.##..#######..#
#.### #o##...#........
#.## #<###..#.####..#
♣♣♣♣♣♣♣♣ #..# #.#
#..#.####..#


You could see an ogre and an orc wizard.


Message History

You take 20 damage.
The orc wizard casts a spell.
The orc wizard blinks!
Drink which item? (? for menu, Esc to quit)
You feel better. The ogre barely misses you.
The orc wizard mumbles some strange words.
The orc wizard blinks!
The orc wizard casts a spell.
The orc wizard blinks!
Read which item? (? for menu, Esc to quit)
Okay, then.
The ogre looks more healthy.
Put on which piece of jewellery? (? for menu, Esc to quit)
You're wearing all the rings you can.
Remove which one? (? for menu, Esc to cancel) < or
D - a ring of protection from cold; > or
r - a ring of magical power You remove your ring of magical power.
You feel your magic capacity decrease. The ogre hits you with a giant club!!
* * * LOW HITPOINT WARNING * * *
You feel slightly jumpy.
o - a ring of teleportation (right claw)
You take 18 damage.
Drink which item? (? for menu, Esc to quit)
You feel much better. The ogre hits you with a giant club!!
Ouch! That really hurt!
* * * LOW HITPOINT WARNING * * *
The orc wizard mumbles some strange words.
The orc wizard seems to speed up.
There is a stone staircase leading up here.
The orc wizard mumbles some strange words.
The orc wizard blinks!
The orc wizard casts a spell.
The orc wizard blinks!
The orc wizard hits you but does no damage.
The orc wizard casts a spell at you.
You feel yourself slow down.
The orc wizard hits you but does no damage.
The orc wizard hits you but does no damage.
The orc wizard completely misses you.
The orc wizard hits you but does no damage.
The orc wizard hits you with a dagger.
* * * LOW HITPOINT WARNING * * *
You take 2 damage.
The orc wizard points at you and mumbles some strange words.
The magic dart hits you!
* * * LOW HITPOINT WARNING * * *
You take 9 damage.
The orc wizard gestures at you while chanting.
The magic dart hits you!
You die...

Notes
Turn   | Place    | Note
--------------------------------------------------------------
     0 | D:1      | GhEn the Ghoul Enchanter began the quest for the Orb.
     0 | D:1      | Reached XP level 1. HP: 14/14 MP: 2/2
    64 | D:1      | Reached skill level 1 in Unarmed Combat
   200 | D:1      | Reached XP level 2. HP: 20/20 MP: 1/3
   873 | D:1      | Learned a level 2 spell: Ensorcelled Hibernation
   890 | D:2      | Reached XP level 3. HP: 24/26 MP: 4/4
   915 | D:2      | Reached skill level 3 in Unarmed Combat
  1141 | D:2      | Found an ancient bone altar of Kikubaaqudgha.
  1290 | D:2      | Noticed Ijyb
  1323 | D:2      | Killed Ijyb
  1323 | D:2      | Reached skill level 4 in Unarmed Combat
  1323 | D:2      | Reached XP level 4. HP: 10/33 MP: 5/5
  1776 | D:2      | Found a shadowy altar of Dithmenos.
  1873 | D:2      | Found a sparkling altar of Nemelex Xobeh.
  2377 | D:3      | Reached XP level 5. HP: 32/38 MP: 6/6
  2421 | D:3      | Reached skill level 5 in Unarmed Combat
  2773 | D:3      | Noticed Terence
  2891 | D:3      | Noticed Grinder
  2954 | D:3      | Killed Terence
  2997 | D:3      | Found a basalt altar of Yredelemnul.
  3297 | D:4      | Found a burning altar of Makhleb.
  3376 | D:4      | Became a worshipper of Makhleb the Destroyer
  3561 | D:4      | Found a stormy altar of Qazlal.
  3655 | D:4      | Noticed an ogre
  3932 | D:3      | Found a radiant altar of Vehumet.
  4059 | D:4      | Killed from afar by an orc wizard

Vanquished Creatures
  Ijyb (D:2)
  Terence (D:3)
  A hound skeleton (D:4)
  6 adders
  An ooze (D:3)
  An adder skeleton (D:4)
  3 worms
  2 giant geckos
  4 orcs
  A ball python (D:2)
  3 giant cockroaches
  2 gnoll zombies (D:3)
  6 goblins
  5 hobgoblins
  6 jackals (D:1)
  3 quokkas
  9 bats
  6 giant newts
  8 kobolds
  5 rats
74 creatures vanquished.

Action                   |  1- 3 |  4- 6 || total
-------------------------+-------+-------++-------
Melee: Unarmed           |   140 |   167 ||   307
 Fire: Blowgun           |       |    10 ||    10
       Greatsling        |       |     3 ||     3
 Cast: Corona            |     1 |       ||     1
  Use: Scroll            |     5 |     5 ||    10
       Potion            |     1 |     3 ||     4
 Stab: Sleeping          |     3 |     3 ||     6
       Distracted        |       |     1 ||     1
  Eat: Chunk             |    15 |    15 ||    30

Vault maps used:
D:1:      lemuel_arrival_funnel
D:2:      marbit_many_paths, kiku_gazebo_garden_becter, nemelex_altar_shiori,
          uniq_iyjb
D:3:      lemuel_zombie_altar_yredelemnul, fiery_altar_vehumet,
          wad_rectangle_vault, uniq_terence, uniq_grinder
D:4:      overflow_temple_1_default, nicolae_qazlal_eye_of_the_storm,
          first_bread, kennysheep_small_spiral
